Map: Honorgrounds LE

Players

obluda

  • Race: Protoss Protoss
  • League: Silver
  • Spawn Location: 1:00

BlueDragon - Winner!

  • Race: Protoss Protoss
  • League: Silver
  • Spawn Location: 11:00

VOD

Have the link to the VOD?

Description

Honorgrounds LE (7) PvP Cheese Staker + Imotal

Time

  • Played on: March 10, 2017, 1:25 p.m.
  • Length: 6:04
Show
View Real Time Build Order
Export as new Build Order

obluda Protoss 

Build Orders: Nexus First 

Get SALT Encoding   

  12  0:02  Probe (Chrono Boost)  
  13  0:42  Nexus  
  13  0:53  Pylon  
  13  0:56  Probe (Chrono Boost)  
  14  1:12  Forge  
  14  1:15  Probe (Chrono Boost)  
  15  1:26  Probe (Chrono Boost)  
  15  1:29  Assimilator  
  16  1:36  Probe (Chrono Boost)  
  17  1:50  Photon Cannon  
  17  1:56  Probe (Chrono Boost)  
  17  2:00  Probe (Chrono Boost)  
  19  2:06  Probe (Chrono Boost)  
  20  2:17  Probe (Chrono Boost)  
  22  2:24  Pylon  
  22  2:27  Probe (Chrono Boost)  
  22  2:36  Gateway, Probe (Chrono Boost)  
  23  2:38  Probe (Chrono Boost)  
  24  2:45  Assimilator  
  24  2:46  Probe (Chrono Boost)  
  24  2:48  Probe (Chrono Boost)  
  26  2:57  Probe (Chrono Boost)  
  27  2:59  Probe (Chrono Boost)  
  28  3:06  Photon Cannon  
  28  3:07  Probe (Chrono Boost)  
  28  3:09  Probe (Chrono Boost)  
  30  3:18  Probe (Chrono Boost)  
  31  3:20  Probe (Chrono Boost)  
  31  3:24  Cybernetics Core  
  32  3:27  Photon Cannon  
  32  3:30  Probe (Chrono Boost)  
  34  3:34  Probe (Chrono Boost)  
  34  3:41  Probe (Chrono Boost)  
  35  3:42  Zealot  
  35  3:45  Probe (Chrono Boost)  
  35  3:46  Pylon  
  38  3:53  Probe (Chrono Boost)  
  39  3:58  Assimilator  
  39  4:04  Pylon  
  39  4:05  Probe (Chrono Boost)  
  39  4:09  Probe (Chrono Boost)  
  41  4:13  Twilight Council  
  42  4:17  Probe (Chrono Boost)  
  42  4:21  Probe (Chrono Boost)  
  43  4:29  Probe (Chrono Boost)  
  43  4:30  Gateway  
  44  4:33  Probe (Chrono Boost)  
  44  4:35  Gateway  
  44  4:38  Gateway  
  45  4:41  Probe (Chrono Boost)  
  47  4:45  Probe (Chrono Boost)  
  47  4:46  Photon Cannon  
  48  4:53  Probe (Chrono Boost)  
  48  4:55  Photon Cannon  
  48  5:04  Sentry  
  48  5:05  Probe (Chrono Boost)  
  49  5:14  Forge  
  51  5:17  Probe (Chrono Boost)  
  50  5:25  Photon Cannon  
  53  5:29  Probe (Chrono Boost)  
  53  5:30  Stalker  
  53  5:33  Pylon  
  57  5:39  Pylon  
Show
View Real Time Build Order
Export as new Build Order

BlueDragon Protoss - Winner!

Build Orders:  

Get SALT Encoding   

  12  0:02  Probe (Chrono Boost)  
  13  0:12  Probe (Chrono Boost)  
  14  0:22  Pylon  
  14  0:27  Probe (Chrono Boost)  
  15  0:32  Assimilator  
  15  0:40  Probe (Chrono Boost)  
  16  0:47  Gateway  
  16  0:52  Probe (Chrono Boost)  
  17  1:01  Assimilator  
  17  1:03  Probe (Chrono Boost)  
  18  1:18  Probe (Chrono Boost)  
  19  1:28  Probe (Chrono Boost)  
  20  1:39  Probe (Chrono Boost)  
  21  1:49  Probe (Chrono Boost)  
  21  1:52  Gateway  
  22  1:55  Cybernetics Core  
  22  2:16  Pylon  
  22  2:18  Probe (Chrono Boost)  
  23  2:31  Warp Gate  
  23  2:34  Probe (Chrono Boost)  
  24  2:38  Pylon, Stalker  
  24  2:39  Stalker  
  28  2:48  Robotics Facility  
  28  2:53  Mothership Core (Chrono Boost)  
  30  3:09  Pylon  
  30  3:19  Robotics Facility  
  30  3:23  Stalker  
  32  3:36  Immortal  
  36  3:49  Stalker  
  38  4:09  Immortal  
  42  4:53  Nexus  
  42  4:54  Stalker  
  42  4:55  Stalker  
  46  5:01  Pylon  
  46  5:36  Stalker  
  46  5:37  Stalker  
Tags
 
Matchup
PvP
Spawn Locations
Close Positions
Add a new tag
Caveats
  • Supply blocks, unpowered buildings, or Contaminate may cause inaccurate times.
  • Supply counts are checked every 10 seconds.